2881 views
Uploaded 2020-02-21 21:35:49
Game version 1.32 / 1.32.1
19:20 long 4on4 ladder game on (8)MarketSquare
Saved by ChuckleMan
2881 views
Uploaded 2020-02-21 21:35:49
Game version 1.32 / 1.32.1
19:20 long 4on4 ladder game on (8)MarketSquare


151 units @ 19.5k
/ 2.5k
84 buildings @ 12.6k
/ 6k


| Rod of Necromancy | 1 | 150 |
| Sacrificial Skull | 1 | 50 |
| Orb of Corruption | 1 | 375 |
| Potion of Healing | 1 | 150 |
| Scroll of Healing | 1 | 250 |
| Scroll of Town Portal | 2 | 700 |
| Dust of Appearance | 1 | 75 |
| Potion of Invisibility | 1 | 100 |
| total: | 9 | 1850g |
| Acolyte | 7 | 525 | / | 0 |
| Ghoul | 10 | 1200 | / | 0 |
| Crypt Fiend | 13 | 2795 | / | 520 |
| Obsidian Statue | 4 | 800 | / | 140 |
| Abomination | 1 | 240 | / | 70 |
| Frost Wyrm | 3 | 1155 | / | 360 |
| total: | 38 | 6715g | / | 1090w |
| Graveyard | 1 | 215 | / | 0 |
| Crypt | 1 | 200 | / | 50 |
| Altar of Darkness | 1 | 180 | / | 50 |
| Ziggurat | 6 | 900 | / | 300 |
| Tomb of Relics | 1 | 130 | / | 30 |
| Necropolis | 1 | 225 | / | 0 |
| Slaughterhouse | 1 | 140 | / | 135 |
| Sacrificial Pit | 1 | 75 | / | 150 |
| Boneyard | 1 | 175 | / | 200 |
| Halls of the Dead | 1 | 320 | / | 210 |
| Black Citadel | 1 | 325 | / | 230 |
| total: | 14 | 2240g | / | 915w |
| 0:06 | Acolyte |
| 0:11 | Graveyard |
| 0:12 | Crypt |
| 0:30 | Acolyte |
| 0:48 | Altar of Darkness |
| 1:06 | Ziggurat |
| 1:19 | Ghoul |
| 1:35 | Ghoul |
| 1:35 | Ghoul |
| 1:47 | Ghoul |
| 1:55 | Ziggurat |
| 2:30 | Ghoul |
| 2:35 | Ghoul |
| 2:41 | Tomb of Relics |
| 2:55 | Crypt Fiend |
| 2:57 | Death Coil |
| 3:08 | Halls of the Dead |
| 3:23 | Ghoul |
| 3:48 | Ghoul |
| 4:01 | Crypt Fiend |
| 4:09 | Rod of Necromancy |
| 4:10 | Sacrificial Skull |
| 4:25 | Ghoul |
| 4:50 | Ghoul |
| 5:01 | Unholy Aura |
| 5:10 | Crypt Fiend |
| 5:29 | Ziggurat |
| 6:04 | Acolyte |
| 6:04 | Acolyte |
| 6:34 | Crypt Fiend |
| 6:38 | Necropolis |
| 7:12 | Black Citadel |
| 8:07 | Death Coil |
| 8:23 | Crypt Fiend |
| 8:26 | Slaughterhouse |
| 8:32 | Acolyte |
| 8:32 | Acolyte |
| 8:32 | Acolyte |
| 8:38 | Crypt Fiend |
| 8:53 | Sacrificial Pit |
| 9:19 | Crypt Fiend |
| 9:43 | Scroll of Healing |
| 9:43 | Potion of Invisibility |
| 9:43 | Scroll of Town Portal |
| 9:48 | Dust of Appearance |
| 9:58 | Ziggurat |
| 9:59 | Ziggurat |
| 10:21 | Obsidian Statue |
| 10:23 | Crypt Fiend |
| 10:45 | Orb of Corruption |
| 10:47 | Potion of Healing |
| 10:53 | Scroll of Town Portal |
| 11:08 | Boneyard |
| 11:13 | Crypt Fiend |
| 11:14 | Frost Nova |
| 11:20 | Web |
| 11:37 | Cannibalize |
| 11:45 | Creature Attack |
| 11:58 | Abomination |
| 12:29 | Crypt Fiend |
| 12:48 | Unholy Aura |
| 12:56 | Frost Wyrm |
| 13:14 | Frost Wyrm |
| 13:15 | Crypt Fiend |
| 13:46 | Crypt Fiend |
| 13:47 | Burrow |
| 13:48 | Frost Wyrm |
| 13:53 | Obsidian Statue |
| 14:12 | Ghoul Frenzy |
| 14:50 | Obsidian Statue |
| 15:09 | Frost Armor |
| 15:32 | Destroyer Form |
| 15:32 | Obsidian Statue |
| 16:38 | Freezing Breath |
| 16:59 | Ziggurat |
| 17:00 | Improved Creature Attack |
| 17:43 | Death Coil |
| 17:56 | Frost Nova |
| 18:18 | Frost Armor |
| 18:24 | Advanced Creature Attack |
| 18:24 | Creature Carapace |
| 18:31 | Crypt Fiend |
| 19:02 | Death Pact |
| Select group | 1366 |
| Right click | 1299 |
| Select | 286 |
| Build/train/purchase | 95 |
| Assign group | 49 |
| Use ability | 41 |
| Chat | 31 |
| Misc. action | 10 |
| Minimap ping | 10 |
| Remove unit | 4 |
| Resource trade | 4 |
| Item give/drop | 2 |

| Lesser Clarity Potion | 3 | 210 |
| Healing Salve | 2 | 200 |
| Orb of Lightning | 1 | 375 |
| Scroll of Town Portal | 1 | 350 |
| Staff of Teleportation | 1 | 150 |
| Boots of Speed | 1 | 250 |
| Potion of Lesser Invulnerability | 1 | 150 |
| total: | 10 | 1685g |
| Peon | 16 | 1200 | / | 0 |
| Troll Witch Doctor | 2 | 290 | / | 50 |
| Troll Batrider | 6 | 960 | / | 240 |
| total: | 24 | 2450g | / | 290w |
| Watch Tower | 26 | 2860 | / | 2080 |
| Orc Burrow | 6 | 960 | / | 240 |
| Altar of Storms | 1 | 180 | / | 50 |
| Voodoo Lounge | 1 | 130 | / | 30 |
| War Mill | 1 | 205 | / | 0 |
| Great Hall | 1 | 385 | / | 185 |
| Spirit Lodge | 1 | 150 | / | 150 |
| Beastiary | 2 | 290 | / | 280 |
| Stronghold | 1 | 315 | / | 190 |
| Fortress | 1 | 325 | / | 190 |
| total: | 39 | 5160g | / | 3015w |
| 0:04 | Peon |
| 0:04 | Peon |
| 0:11 | Orc Burrow |
| 0:14 | Altar of Storms |
| 0:18 | Peon |
| 0:26 | Peon |
| 0:53 | Orc Burrow |
| 0:56 | Peon |
| 1:04 | Orc Burrow |
| 1:06 | Peon |
| 1:26 | Peon |
| 1:30 | Orc Burrow |
| 1:35 | Orc Burrow |
| 1:42 | Peon |
| 1:56 | Peon |
| 2:00 | Orc Burrow |
| 2:13 | Critical Strike |
| 2:34 | Peon |
| 2:34 | Peon |
| 2:44 | Voodoo Lounge |
| 2:48 | War Mill |
| 3:25 | Peon |
| 3:25 | Peon |
| 3:26 | Peon |
| 3:56 | Stronghold |
| 4:00 | Wind Walk |
| 4:02 | Lesser Clarity Potion |
| 4:02 | Lesser Clarity Potion |
| 4:02 | Healing Salve |
| 4:06 | Watch Tower |
| 4:11 | Watch Tower |
| 4:35 | Watch Tower |
| 4:38 | Watch Tower |
| 4:50 | Watch Tower |
| 5:03 | Watch Tower |
| 5:25 | Staff of Teleportation |
| 5:25 | Boots of Speed |
| 5:41 | Watch Tower |
| 5:44 | Watch Tower |
| 6:16 | Fortress |
| 6:30 | Spirit Lodge |
| 6:41 | Wind Walk |
| 6:54 | Beastiary |
| 8:16 | Troll Witch Doctor |
| 8:16 | Witch Doctor Adept Training |
| 8:18 | Troll Batrider |
| 8:18 | Troll Batrider |
| 8:18 | Troll Batrider |
| 8:20 | Beastiary |
| 9:00 | Reinforced Defenses |
| 9:12 | Troll Witch Doctor |
| 9:36 | Critical Strike |
| 10:14 | Potion of Lesser Invulnerability |
| 10:27 | Scroll of Town Portal |
| 10:39 | Orb of Lightning |
| 10:39 | Lesser Clarity Potion |
| 10:42 | Healing Salve |
| 10:49 | Spiked Barricades |
| 10:50 | Troll Batrider |
| 10:52 | Witch Doctor Master Training |
| 10:57 | Watch Tower |
| 10:57 | Watch Tower |
| 11:24 | Liquid Fire |
| 11:25 | Troll Batrider |
| 12:06 | Watch Tower |
| 12:07 | Watch Tower |
| 12:08 | Watch Tower |
| 12:08 | Watch Tower |
| 12:30 | Watch Tower |
| 12:30 | Watch Tower |
| 12:40 | Wind Walk |
| 12:51 | Watch Tower |
| 12:53 | Watch Tower |
| 13:12 | Troll Batrider |
| 13:44 | Watch Tower |
| 13:44 | Watch Tower |
| 14:20 | Watch Tower |
| 14:48 | Watch Tower |
| 14:49 | Watch Tower |
| 15:34 | Peon |
| 15:34 | Peon |
| 16:24 | Bladestorm |
| 16:57 | Great Hall |
| 16:59 | Watch Tower |
| 17:01 | Watch Tower |
| 17:01 | Watch Tower |
| Right click | 706 |
| Select group | 295 |
| Select | 147 |
| Build/train/purchase | 108 |
| Chat | 94 |
| Assign group | 48 |
| Use ability | 34 |
| Misc. action | 25 |
| Minimap ping | 7 |
| Esc | 5 |
| Item give/drop | 4 |
| Remove unit | 2 |


x1)
| Tome of Retraining | 1 | 300 |
| total: | 1 | 300g |
| Peon | 11 | 825 | / | 0 |
| Troll Headhunter | 8 | 1120 | / | 160 |
| Troll Witch Doctor | 5 | 725 | / | 125 |
| Troll Berserker | 5 | 700 | / | 100 |
| Troll Batrider | 7 | 1120 | / | 280 |
| Kodo Beast | 1 | 255 | / | 60 |
| total: | 37 | 4745g | / | 725w |
| War Mill | 1 | 205 | / | 0 |
| Altar of Storms | 1 | 180 | / | 50 |
| Orc Burrow | 7 | 1120 | / | 280 |
| Barracks | 1 | 180 | / | 50 |
| Voodoo Lounge | 1 | 130 | / | 30 |
| Beastiary | 2 | 290 | / | 280 |
| Spirit Lodge | 1 | 150 | / | 150 |
| Stronghold | 1 | 315 | / | 190 |
| Fortress | 1 | 325 | / | 190 |
| total: | 14 | 2255g | / | 840w |
| 0:04 | Peon |
| 0:11 | Peon |
| 0:22 | War Mill |
| 0:24 | Peon |
| 0:35 | Peon |
| 0:45 | Altar of Storms |
| 0:53 | Orc Burrow |
| 1:12 | Barracks |
| 1:26 | Peon |
| 1:55 | Peon |
| 1:55 | Peon |
| 1:55 | Peon |
| 2:08 | Orc Burrow |
| 2:16 | Troll Headhunter |
| 2:31 | Troll Headhunter |
| 2:33 | Peon |
| 2:49 | War Stomp |
| 3:12 | Stronghold |
| 3:17 | Voodoo Lounge |
| 3:37 | Troll Headhunter |
| 3:46 | Troll Headhunter |
| 4:01 | Orc Burrow |
| 4:11 | Troll Headhunter |
| 4:40 | Troll Headhunter |
| 4:41 | Steel Ranged Weapons |
| 5:13 | Endurance Aura |
| 5:22 | Troll Headhunter |
| 5:56 | Troll Headhunter |
| 6:07 | Peon |
| 6:11 | Beastiary |
| 6:20 | War Stomp |
| 6:39 | Troll Regeneration |
| 6:42 | Spirit Lodge |
| 7:06 | Fortress |
| 7:11 | Healing Wave |
| 8:41 | Witch Doctor Adept Training |
| 8:41 | Troll Witch Doctor |
| 8:57 | Endurance Aura |
| 9:01 | Orc Burrow |
| 9:03 | Reinforced Defenses |
| 9:41 | Hex |
| 10:01 | Orc Burrow |
| 10:17 | Witch Doctor Master Training |
| 10:18 | Liquid Fire |
| 10:20 | Berserker Upgrade |
| 10:27 | Beastiary |
| 11:05 | Troll Berserker |
| 11:05 | Troll Berserker |
| 11:08 | Troll Batrider |
| 11:08 | Troll Batrider |
| 11:10 | Troll Witch Doctor |
| 11:10 | Troll Witch Doctor |
| 11:14 | Thorium Ranged Weapons |
| 11:16 | Peon |
| 11:39 | Troll Batrider |
| 11:44 | Orc Burrow |
| 12:06 | Troll Batrider |
| 12:07 | Troll Batrider |
| 12:21 | Troll Berserker |
| 13:37 | Arcanite Ranged Weapons |
| 13:51 | Tome of Retraining |
| 13:51 | Retrain Hero |
| 13:54 | Shockwave |
| 13:55 | Shockwave |
| 13:55 | Endurance Aura |
| 13:56 | Endurance Aura |
| 14:22 | Healing Wave |
| 14:55 | Troll Batrider |
| 17:01 | Shockwave |
| 17:20 | Troll Witch Doctor |
| 17:20 | Troll Witch Doctor |
| 17:21 | Troll Berserker |
| 17:21 | Troll Berserker |
| 17:22 | Troll Batrider |
| 17:24 | Steel Armor |
| 17:28 | Orc Burrow |
| 17:55 | War Drums Damage Increase |
| 18:34 | Hex |
| 18:45 | Kodo Beast |
| 19:17 | Thorium Armor |
| Right click | 862 |
| Select group | 551 |
| Select | 373 |
| Chat | 97 |
| Build/train/purchase | 78 |
| Assign group | 23 |
| Use ability | 16 |
| Item give/drop | 6 |
| Resource trade | 4 |
| Misc. action | 3 |
| Esc | 2 |

| Anti-magic Potion | 1 | 100 |
| Potion of Healing | 1 | 150 |
| Scroll of Town Portal | 1 | 350 |
| total: | 3 | 600g |
| Wisp | 21 | 1260 | / | 0 |
| Archer | 20 | 2600 | / | 200 |
| Hippogryph | 11 | 1760 | / | 220 |
| total: | 52 | 5620g | / | 420w |
| Ancient Protector | 2 | 270 | / | 160 |
| Altar of Elders | 1 | 180 | / | 50 |
| Moon Well | 7 | 1260 | / | 280 |
| Ancient of War | 2 | 300 | / | 120 |
| Hunter's Hall | 1 | 210 | / | 100 |
| Ancient of Wonders | 1 | 90 | / | 30 |
| Tree of Life | 1 | 340 | / | 185 |
| Ancient of Wind | 1 | 150 | / | 140 |
| Chimaera Roost | 1 | 140 | / | 190 |
| Tree of Ages | 2 | 640 | / | 360 |
| Tree of Eternity | 1 | 330 | / | 200 |
| total: | 17 | 2940g | / | 1255w |
| 0:02 | Wisp |
| 0:08 | Altar of Elders |
| 0:12 | Wisp |
| 0:17 | Moon Well |
| 0:21 | Wisp |
| 0:33 | Ancient of War |
| 0:37 | Wisp |
| 0:45 | Wisp |
| 1:12 | Wisp |
| 1:26 | Wisp |
| 1:36 | Archer |
| 1:44 | Moon Well |
| 1:49 | Archer |
| 2:12 | Searing Arrows |
| 2:43 | Archer |
| 2:45 | Wisp |
| 2:45 | Wisp |
| 2:50 | Hunter's Hall |
| 3:02 | Archer |
| 3:19 | Archer |
| 3:24 | Wisp |
| 3:28 | Ancient of Wonders |
| 3:37 | Archer |
| 3:53 | Ultravision |
| 3:56 | Ancient Protector |
| 4:00 | Ancient Protector |
| 4:01 | Wisp |
| 4:04 | Wisp |
| 4:04 | Wisp |
| 4:18 | Archer |
| 4:23 | Trueshot Aura |
| 4:44 | Strength of the Moon |
| 5:06 | Tree of Ages |
| 5:18 | Moon Well |
| 5:32 | Moon Armor |
| 5:32 | Improved Moon Armor |
| 6:42 | Searing Arrows |
| 7:29 | Improved Bows |
| 7:31 | Improved Strength of the Moon |
| 7:35 | Ancient of Wind |
| 7:36 | Wisp |
| 8:14 | Wisp |
| 8:26 | Archer |
| 8:35 | Moon Well |
| 8:46 | Moon Well |
| 8:49 | Archer |
| 8:54 | Tree of Eternity |
| 9:00 | Tree of Life |
| 9:06 | Hippogryph |
| 9:08 | Advanced Moon Armor |
| 9:11 | Archer |
| 9:52 | Hippogryph |
| 9:53 | Hippogryph |
| 10:14 | Hippogryph |
| 10:15 | Archer |
| 10:35 | Archer |
| 10:38 | Hippogryph |
| 11:04 | Archer |
| 11:07 | Wisp |
| 11:08 | Wisp |
| 11:08 | Wisp |
| 11:08 | Wisp |
| 11:09 | Wisp |
| 11:19 | Archer |
| 11:21 | Marksmanship |
| 11:24 | Advanced Strength of the Moon |
| 12:06 | Trueshot Aura |
| 12:11 | Archer |
| 12:11 | Hippogryph |
| 12:53 | Archer |
| 12:53 | Hippogryph |
| 13:27 | Archer |
| 13:58 | Moon Well |
| 14:45 | Trueshot Aura |
| 14:58 | Moon Well |
| 15:56 | Archer |
| 15:57 | Hippogryph |
| 16:06 | Well Spring |
| 16:18 | Hippogryph |
| 16:19 | Archer |
| 16:37 | Starfall |
| 16:43 | Archer |
| 16:43 | Hippogryph |
| 16:58 | Strength of the Wild |
| 16:59 | Reinforced Hides |
| 17:02 | Chimaera Roost |
| 17:14 | Ancient of War |
| 17:15 | Wisp |
| 18:21 | Hippogryph |
| 18:26 | Improved Strength of the Wild |
| 18:52 | Anti-magic Potion |
| 18:53 | Scroll of Town Portal |
| 18:54 | Potion of Healing |
| Right click | 408 |
| Select | 296 |
| Select group | 247 |
| Build/train/purchase | 93 |
| Misc. action | 50 |
| Assign group | 47 |
| Remove unit | 3 |
| Use ability | 2 |
143 units @ 18.4k
/ 1.4k
100 buildings @ 11.2k
/ 4.7k
Unpwnable
(19:17) : 

| Scroll of Regeneration | 1 | 100 |
| Lesser Clarity Potion | 1 | 70 |
| total: | 2 | 170g |
| Peasant | 18 | 1350 | / | 0 |
| Footman | 11 | 1485 | / | 0 |
| Spell Breaker | 1 | 215 | / | 30 |
| total: | 30 | 3050g | / | 30w |
| Scout Tower | 22 | 660 | / | 440 |
| Arcane Tower | 2 | 140 | / | 100 |
| Guard Tower | 21 | 1470 | / | 1050 |
| Altar of Kings | 2 | 360 | / | 100 |
| Lumber Mill | 1 | 120 | / | 0 |
| Farm | 12 | 960 | / | 240 |
| Arcane Vault | 2 | 260 | / | 60 |
| Barracks | 6 | 960 | / | 360 |
| Arcane Sanctum | 1 | 150 | / | 140 |
| Keep | 1 | 320 | / | 210 |
| total: | 46 | 3470g | / | 1340w |
| 0:12 | Peasant |
| 0:12 | Peasant |
| 0:15 | Altar of Kings |
| 0:22 | Lumber Mill |
| 0:36 | Peasant |
| 0:45 | Peasant |
| 1:17 | Scout Tower |
| 1:30 | Arcane Tower |
| 1:31 | Scout Tower |
| 1:35 | Scout Tower |
| 1:38 | Peasant |
| 1:38 | Peasant |
| 1:39 | Improved Masonry |
| 2:05 | Guard Tower |
| 2:08 | Guard Tower |
| 2:09 | Scout Tower |
| 2:30 | Scout Tower |
| 2:41 | Scout Tower |
| 2:42 | Scout Tower |
| 2:45 | Guard Tower |
| 2:48 | Peasant |
| 2:48 | Peasant |
| 3:19 | Guard Tower |
| 3:24 | Peasant |
| 3:26 | Farm |
| 3:32 | Peasant |
| 3:39 | Guard Tower |
| 3:41 | Peasant |
| 3:41 | Peasant |
| 4:02 | Altar of Kings |
| 4:08 | Farm |
| 4:18 | Farm |
| 4:23 | Peasant |
| 4:44 | Arcane Vault |
| 4:48 | Arcane Vault |
| 4:50 | Peasant |
| 5:08 | Peasant |
| 5:14 | Peasant |
| 5:24 | Barracks |
| 5:27 | Barracks |
| 5:44 | Peasant |
| 5:56 | Farm |
| 6:00 | Farm |
| 6:05 | Flame Strike |
| 6:08 | Barracks |
| 6:10 | Barracks |
| 6:14 | Barracks |
| 6:24 | Barracks |
| 6:38 | Farm |
| 6:40 | Scout Tower |
| 6:46 | Peasant |
| 7:08 | Guard Tower |
| 7:12 | Scout Tower |
| 7:16 | Footman |
| 7:21 | Scout Tower |
| 7:27 | Footman |
| 7:27 | Footman |
| 7:34 | Scroll of Regeneration |
| 7:37 | Scout Tower |
| 7:54 | Farm |
| 8:09 | Guard Tower |
| 8:09 | Guard Tower |
| 8:10 | Guard Tower |
| 8:20 | Defend |
| 8:49 | Farm |
| 9:00 | Footman |
| 9:00 | Footman |
| 9:29 | Footman |
| 9:37 | Farm |
| 9:55 | Footman |
| 9:55 | Footman |
| 10:04 | Siphon Mana |
| 10:36 | Scout Tower |
| 10:39 | Footman |
| 11:10 | Guard Tower |
| 11:11 | Scout Tower |
| 11:27 | Scout Tower |
| 11:33 | Footman |
| 11:33 | Footman |
| 11:38 | Farm |
| 11:42 | Guard Tower |
| 11:48 | Lesser Clarity Potion |
| 12:06 | Guard Tower |
| 12:08 | Scout Tower |
| 12:21 | Farm |
| 12:45 | Guard Tower |
| 12:46 | Scout Tower |
| 13:33 | Guard Tower |
| 13:34 | Farm |
| 13:46 | Keep |
| 14:35 | Scout Tower |
| 15:04 | Guard Tower |
| 15:40 | Scout Tower |
| 16:14 | Guard Tower |
| 16:14 | Scout Tower |
| 16:21 | Arcane Sanctum |
| 16:42 | Guard Tower |
| 16:43 | Scout Tower |
| 17:03 | Scout Tower |
| 17:04 | Scout Tower |
| 17:35 | Guard Tower |
| 17:37 | Magic Sentry |
| 17:55 | Guard Tower |
| 18:01 | Spell Breaker |
| 18:02 | Advanced Masonry |
| 19:08 | Holy Light |
| Right click | 590 |
| Select | 411 |
| Select group | 289 |
| Assign group | 231 |
| Build/train/purchase | 76 |
| Misc. action | 49 |
| Minimap ping | 39 |
| Resource trade | 39 |
| Use ability | 7 |
| Esc | 5 |
| Item give/drop | 1 |


| Peasant | 7 | 525 | / | 0 |
| Footman | 15 | 2025 | / | 0 |
| Rifleman | 7 | 1435 | / | 210 |
| Mortar Team | 3 | 540 | / | 210 |
| Flying Machine | 2 | 200 | / | 60 |
| total: | 34 | 4725g | / | 480w |
| Scout Tower | 3 | 90 | / | 60 |
| Barracks | 1 | 160 | / | 60 |
| Altar of Kings | 1 | 180 | / | 50 |
| Farm | 9 | 720 | / | 180 |
| Blacksmith | 1 | 140 | / | 60 |
| Arcane Vault | 1 | 130 | / | 30 |
| Lumber Mill | 1 | 120 | / | 0 |
| Town Hall | 1 | 385 | / | 205 |
| Workshop | 1 | 140 | / | 140 |
| Gryphon Aviary | 1 | 140 | / | 150 |
| Keep | 1 | 320 | / | 210 |
| Castle | 1 | 360 | / | 210 |
| total: | 20 | 2205g | / | 935w |
| 0:07 | Barracks |
| 0:14 | Altar of Kings |
| 0:18 | Peasant |
| 0:18 | Peasant |
| 0:19 | Peasant |
| 0:36 | Farm |
| 0:51 | Farm |
| 1:00 | Peasant |
| 1:01 | Peasant |
| 1:32 | Footman |
| 1:33 | Footman |
| 1:43 | Farm |
| 1:46 | Farm |
| 1:53 | Peasant |
| 1:53 | Peasant |
| 2:11 | Footman |
| 2:33 | Scout Tower |
| 2:53 | Summon Water Elemental |
| 3:05 | Footman |
| 3:06 | Defend |
| 3:08 | Footman |
| 3:08 | Footman |
| 3:13 | Blacksmith |
| 3:40 | Farm |
| 3:49 | Arcane Vault |
| 4:05 | Brilliance Aura |
| 4:54 | Scout Tower |
| 5:04 | Footman |
| 5:04 | Footman |
| 5:04 | Footman |
| 5:04 | Footman |
| 5:07 | Rifleman |
| 5:31 | Lumber Mill |
| 5:44 | Farm |
| 6:16 | Keep |
| 6:40 | Farm |
| 6:56 | Rifleman |
| 6:56 | Rifleman |
| 7:13 | Iron Plating |
| 7:40 | Scout Tower |
| 8:45 | Rifleman |
| 8:45 | Rifleman |
| 8:45 | Rifleman |
| 8:46 | Rifleman |
| 10:08 | Footman |
| 10:08 | Footman |
| 10:08 | Footman |
| 10:08 | Footman |
| 10:10 | Footman |
| 10:47 | Workshop |
| 10:55 | Storm Bolt |
| 11:05 | Farm |
| 11:09 | Farm |
| 12:38 | Mortar Team |
| 12:38 | Mortar Team |
| 12:38 | Mortar Team |
| 12:43 | Gryphon Aviary |
| 15:54 | Castle |
| 16:02 | Flying Machine |
| 16:03 | Flying Machine |
| 17:21 | Town Hall |
| Right click | 568 |
| Select | 152 |
| Select group | 72 |
| Build/train/purchase | 65 |
| Assign group | 25 |
| Misc. action | 18 |
| Minimap ping | 6 |
| Use ability | 2 |
| Remove unit | 1 |


| Rod of Necromancy | 1 | 150 |
| Potion of Healing | 1 | 150 |
| Orb of Corruption | 1 | 375 |
| Scroll of Regeneration | 1 | 100 |
| total: | 4 | 775g |
| Acolyte | 18 | 1350 | / | 0 |
| Ghoul | 23 | 2760 | / | 0 |
| Gargoyle | 3 | 525 | / | 90 |
| Frost Wyrm | 3 | 1155 | / | 360 |
| total: | 47 | 5790g | / | 450w |
| Nerubian Tower | 5 | 500 | / | 100 |
| Crypt | 1 | 200 | / | 50 |
| Altar of Darkness | 1 | 180 | / | 50 |
| Ziggurat | 11 | 1650 | / | 550 |
| Tomb of Relics | 1 | 130 | / | 30 |
| Necropolis | 1 | 225 | / | 0 |
| Graveyard | 2 | 430 | / | 0 |
| Sacrificial Pit | 1 | 75 | / | 150 |
| Boneyard | 4 | 700 | / | 800 |
| Halls of the Dead | 1 | 320 | / | 210 |
| Black Citadel | 1 | 325 | / | 230 |
| total: | 22 | 3590g | / | 1630w |
| 0:05 | Acolyte |
| 0:24 | Crypt |
| 0:27 | Altar of Darkness |
| 0:29 | Ziggurat |
| 0:33 | Acolyte |
| 0:33 | Acolyte |
| 1:06 | Tomb of Relics |
| 1:16 | Ziggurat |
| 1:26 | Ghoul |
| 1:39 | Ghoul |
| 1:51 | Acolyte |
| 1:54 | Ghoul |
| 2:18 | Ghoul |
| 2:19 | Ghoul |
| 2:40 | Rod of Necromancy |
| 2:53 | Death Coil |
| 2:54 | Ghoul |
| 2:55 | Ghoul |
| 2:57 | Ghoul |
| 3:19 | Ghoul |
| 3:30 | Ghoul |
| 4:02 | Ghoul |
| 4:03 | Unholy Aura |
| 4:49 | Necropolis |
| 5:00 | Death Coil |
| 5:13 | Ghoul |
| 5:40 | Halls of the Dead |
| 5:42 | Ghoul |
| 5:42 | Ghoul |
| 5:58 | Ziggurat |
| 6:00 | Ziggurat |
| 6:03 | Ghoul |
| 6:03 | Ghoul |
| 6:10 | Graveyard |
| 6:27 | Acolyte |
| 6:27 | Acolyte |
| 6:28 | Acolyte |
| 6:28 | Acolyte |
| 6:29 | Acolyte |
| 8:15 | Black Citadel |
| 8:22 | Ghoul |
| 8:22 | Ghoul |
| 8:24 | Nerubian Tower |
| 8:25 | Nerubian Tower |
| 8:32 | Scroll of Regeneration |
| 9:07 | Ghoul |
| 9:07 | Ghoul |
| 9:33 | Frost Nova |
| 9:39 | Nerubian Tower |
| 9:45 | Acolyte |
| 9:45 | Acolyte |
| 9:45 | Acolyte |
| 9:45 | Acolyte |
| 10:37 | Acolyte |
| 10:38 | Acolyte |
| 10:54 | Ziggurat |
| 10:55 | Ziggurat |
| 10:57 | Ziggurat |
| 11:27 | Sacrificial Pit |
| 12:02 | Nerubian Tower |
| 12:08 | Gargoyle |
| 12:09 | Gargoyle |
| 12:09 | Gargoyle |
| 12:42 | Acolyte |
| 12:42 | Acolyte |
| 13:12 | Unholy Aura |
| 13:34 | Ghoul |
| 13:34 | Ghoul |
| 13:34 | Ghoul |
| 14:27 | Boneyard |
| 14:28 | Boneyard |
| 14:42 | Acolyte |
| 14:47 | Boneyard |
| 14:49 | Creature Attack |
| 14:49 | Creature Carapace |
| 14:49 | Improved Creature Carapace |
| 14:58 | Ziggurat |
| 14:59 | Ziggurat |
| 16:05 | Frost Wyrm |
| 16:05 | Frost Wyrm |
| 16:38 | Improved Creature Attack |
| 17:18 | Advanced Creature Carapace |
| 17:21 | Graveyard |
| 17:27 | Boneyard |
| 17:31 | Potion of Healing |
| 17:40 | Orb of Corruption |
| 18:04 | Frost Wyrm |
| 18:20 | Ziggurat |
| 18:21 | Ziggurat |
| Right click | 956 |
| Select | 353 |
| Build/train/purchase | 81 |
| Select group | 42 |
| Use ability | 32 |
| Resource trade | 13 |
| Minimap ping | 7 |
| Assign group | 5 |
| Remove unit | 4 |
| Chat | 4 |
| Item give/drop | 2 |


| Healing Salve | 5 | 500 |
| Lesser Clarity Potion | 2 | 140 |
| Potion of Healing | 1 | 150 |
| Dust of Appearance | 1 | 75 |
| total: | 9 | 865g |
| Peon | 11 | 825 | / | 0 |
| Grunt | 10 | 2000 | / | 0 |
| Shaman | 5 | 650 | / | 100 |
| Tauren | 3 | 840 | / | 240 |
| Troll Batrider | 3 | 480 | / | 120 |
| total: | 32 | 4795g | / | 460w |
| Altar of Storms | 1 | 180 | / | 50 |
| Orc Burrow | 5 | 800 | / | 200 |
| Barracks | 1 | 180 | / | 50 |
| Voodoo Lounge | 1 | 130 | / | 30 |
| War Mill | 1 | 205 | / | 0 |
| Spirit Lodge | 1 | 150 | / | 150 |
| Tauren Totem | 1 | 135 | / | 155 |
| Beastiary | 1 | 145 | / | 140 |
| Stronghold | 1 | 315 | / | 190 |
| Fortress | 1 | 325 | / | 190 |
| total: | 12 | 1925g | / | 775w |
| 0:03 | Peon |
| 0:03 | Peon |
| 0:05 | Altar of Storms |
| 0:12 | Orc Burrow |
| 0:50 | Barracks |
| 0:51 | Peon |
| 0:52 | Peon |
| 1:09 | Peon |
| 1:34 | Peon |
| 1:35 | Peon |
| 1:39 | Orc Burrow |
| 2:05 | Grunt |
| 2:05 | Grunt |
| 2:12 | Voodoo Lounge |
| 2:17 | Shockwave |
| 3:29 | Grunt |
| 3:36 | Stronghold |
| 3:39 | Orc Burrow |
| 3:43 | War Mill |
| 4:04 | Grunt |
| 4:05 | Grunt |
| 4:36 | Grunt |
| 4:53 | Endurance Aura |
| 5:08 | Steel Melee Weapons |
| 5:12 | Orc Burrow |
| 5:30 | Healing Salve |
| 5:31 | Lesser Clarity Potion |
| 5:31 | Healing Salve |
| 5:47 | Grunt |
| 5:51 | Orc Burrow |
| 6:47 | Shockwave |
| 7:03 | Spirit Lodge |
| 7:05 | Fortress |
| 7:17 | Berserker Strength |
| 8:00 | Steel Armor |
| 8:24 | Feral Spirit |
| 8:55 | Shaman Adept Training |
| 8:55 | Shaman |
| 9:01 | Healing Salve |
| 9:02 | Healing Salve |
| 9:02 | Lesser Clarity Potion |
| 9:28 | Grunt |
| 9:28 | Shaman |
| 9:49 | Grunt |
| 9:50 | Shaman |
| 10:16 | Grunt |
| 10:17 | Shaman |
| 10:17 | Shaman Master Training |
| 10:24 | Tauren Totem |
| 10:33 | Potion of Healing |
| 11:30 | Dust of Appearance |
| 11:41 | Endurance Aura |
| 12:07 | Beastiary |
| 12:13 | Chain Lighting |
| 13:55 | Tauren |
| 13:56 | Pulverize |
| 13:57 | Troll Batrider |
| 13:58 | Troll Batrider |
| 14:18 | Healing Salve |
| 14:45 | Tauren |
| 14:47 | Troll Batrider |
| 15:51 | Peon |
| 15:51 | Peon |
| 15:51 | Peon |
| 16:09 | Shaman |
| 16:10 | Tauren |
| 16:15 | Peon |
| Select group | 278 |
| Select | 227 |
| Right click | 194 |
| Misc. action | 125 |
| Chat | 121 |
| Build/train/purchase | 86 |
| Use ability | 38 |
| Assign group | 31 |
| Item give/drop | 1 |
| Esc | 1 |
| Minimap ping | 1 |
⇛